 Dungeon Crawl Stone Soup version 0.21-a0-434-g806c6c2 (webtiles) character file.

52 glorpian the Gusty (level 3, -3/20 HPs)
             Began as a Tengu Air Elementalist on Nov 8, 2017.
             Killed from afar by Sigmund (9 damage)
             ... with a puff of flame
             ... on level 2 of the Dungeon.
             The game lasted 00:04:11 (1151 turns).

glorpian the Gusty (Tengu Air Elementalist)         Turns: 1151, Time: 00:04:11

Health: -3/20      AC:  2    Str:  8    XL:     3   Next: 85%
Magic:  2/7        EV: 13    Int: 16    God:
Gold:   52         SH:  0    Dex: 14    Spells: 6/7 levels left

rFire    . . .     SeeInvis .   d - +0 dagger
rCold    . . .     Gourm    .   (no shield)
rNeg     . . .     Faith    .   a - +0 robe
rPois    .         Spirit   .   (helmet restricted)
rElec    .         Reflect  .   (no cloak)
rCorr    .         Harm     .   (no gloves)
MR       .....                  (boots unavailable)
Stlth    ++........             (no amulet)
HPRegen  0.06/turn              (no ring)
MPRegen  0.10/turn              (no ring)

@: no status effects
A: beak, talons 3
a: no special abilities


You were on level 2 of the Dungeon.
You were not hungry.

You visited 1 branch of the dungeon, and saw 2 of its levels.

You collected 52 gold pieces.

Inventory:

Hand Weapons
 d - a +0 dagger (weapon)
 e - a cursed -2 hunting sling
Armour
 a - a +0 robe (worn)
Scrolls
 g - a scroll of recharging {unknown}
Potions
 f - a potion of flight {unknown}
 h - a potion of agility {unknown}
 i - a potion of degeneration {unknown}
 j - a potion of curing {unknown}
Books
 b - a book of Air

   Spells                             Type                      Level
   a - Shock                          Conjuration/Air              1
   b - Swiftness                      Charms/Air                   2
   c - Static Discharge               Conjuration/Air              3
   d - Airstrike                      Air                          4
   e - Lightning Bolt                 Conjuration/Air              5
Comestibles
 c - a bread ration
 k - a chunk of flesh


   Skills:
 * Level 0.6 Fighting
 + Level 0.2 Short Blades
 + Level 2.3 Dodging
 - Level 2.0 Stealth
 - Level 0.1 Unarmed Combat
 * Level 2.5 Spellcasting
 + Level 1.8 Conjurations
 * Level 5.1 Air Magic


You had 6 spell levels left.
You knew the following spells:

 Your Spells              Type           Power        Failure   Level  Hunger
a - Shock                 Conj/Air       ##..         4%          1    #......


Dungeon Overview and Level Annotations

Branches:
Dungeon (2/15)

Altars:

Annotations:
D:2 Sigmund


Innate Abilities, Weirdness & Mutations

You have a beak for a mouth.
You have claws for feet.


Message History

Sigmund closely misses you.
You bump into the rock wall.
You feel less confused. Sigmund misses you.
You hit Sigmund but do no damage. Your kick misses Sigmund.
Sigmund is heavily wounded.
You barely miss Sigmund.
Sigmund is heavily wounded.
Sigmund casts a spell at you. The magic dart hits you!
* * * LOW HITPOINT WARNING * * *
You hit Sigmund but do no damage.
Sigmund is heavily wounded.
Sigmund says, "Now you see me, now you don't..."
Sigmund misses you.
You barely miss Sigmund.
Sigmund is heavily wounded.
Sigmund gestures at you while chanting. The puff of flame hits you!
You die...

##.#.##..# ..
###.....##.#### ..#
#.......##....# ....
#.##....#####.## ...
#.##...........#
.###.####.##............
........#.##..........#.
#..#.#...........#.
#@@..............##
######...........##
#...........##
#.............
#...........#.
#.............
#.....<.....##
#.............
#............#


You could see Sigmund.

Vanquished Creatures
  2 adders (D:2)
  An ooze (D:1)
  A dart slug (D:2)
  5 bats
  4 goblins
  4 hobgoblins (D:1)
  2 jackals (D:1)
  2 kobolds (D:1)
  2 frilled lizards
  3 rats
26 creatures vanquished.

Notes
Turn   | Place    | Note
-------+----------+-------------------------------------------
     0 | D:1      | glorpian the Tengu Air Elementalist began the quest for the Orb.
     0 | D:1      | Reached XP level 1. HP: 10/10 MP: 4/4
   146 | D:1      | Reached XP level 2. HP: 15/15 MP: 1/6
   643 | D:1      | You fall through a shaft!
   662 | D:2      | Reached XP level 3. HP: 16/19 MP: 0/7
   747 | D:1      | Reached skill level 5 in Air Magic
  1132 | D:2      | Noticed Sigmund
  1151 | D:2      | Killed from afar by Sigmund

Vault maps used:
D:1:      minmay_arrival_jagged
D:2:      lemuel_doored_altar, serial_glass, glass_columns_c, glass_columns_a,
          uniq_sigmund

Skill      XL: |  1  2  3 |
---------------+----------+-----
Air Magic      | 5 |  5.1
Fighting       | |  0.6
Short Blades   | |  0.2
Dodging        | |  2.3
Stealth        | |  2.0
Unarmed Combat | |  0.1
Spellcasting   | |  2.5
Conjurations   | |  1.8

Action                   || total
-------------------------++-------
Melee: Unarmed           ||     7
       Kick              ||     8
       Dagger            ||    33
       Peck              ||     3
 Cast: Shock             ||    44
  Eat: Chunk             ||     1
Armor: Robe              ||     9
Dodge: Dodged            ||    30

Table legend:
 A = Spawn XP
 B = Non-spawn XP
 C = Spawn XP percentage of total XP
 D = Spawn monster count
 E = Non-spawn monster count
 F = Spawn count percentage of total count
 G = Total turns spent on level
                    A         B        C        D         E        F      G
               +---------+---------+-------+---------+---------+-------+---------
         Total |       0 |      75 |   0.0 |       0 |      26 |   0.0 |  1151
               +---------+---------+-------+---------+---------+-------+---------
           D:1 |       0 |      34 |   0.0 |       0 |      17 |   0.0 |   979
           D:2 |       0 |      41 |   0.0 |       0 |       9 |   0.0 |   172
               +---------+---------+-------+---------+---------+-------+---------
